 Dungeon Crawl Stone Soup version 0.22-a0-858-g985ef60 (webtiles) character file.

45 poirepourri the Slasher (level 3, -5/29 HPs)
             Began as a Mummy Fighter on July 27, 2018.
             Slain by an orc
             ... wielding a +0 flail
              (7 damage)
             ... on level 3 of the Dungeon.
             The game lasted 00:01:05 (411 turns).

poirepourri the Slasher (Mummy Fighter)              Turns: 411, Time: 00:01:06

Health: -5/29      AC:  6    Str: 19    XL:     3   Next: 42%
Magic:  3/3        EV:  7    Int:  7    God:
Gold:   36         SH:  8    Dex: 12    Spells: 2/2 levels left

rFire    x . .     SeeInvis .   a - +0 long sword
rCold    + . .     Gourm    .   c - +0 shield
rNeg     + + +     Faith    .   b - +0 scale mail
rPois    ∞         Spirit   .   (no helmet)
rElec    .         Reflect  .   (no cloak)
rCorr    .         Harm     .   (no gloves)
MR       .....                  (no boots)
Stlth    ..........             (no amulet)
HPRegen  0.09/turn              (no ring)
MPRegen  0.08/turn              (no ring)

@: no status effects
A: no food or potions, fire vulnerability, cold resistance 1, negative energy
resistance 3, torment resistance, unbreathing
a: no special abilities


You were on level 3 of the Dungeon.
You were not hungry.

You visited 1 branch of the dungeon, and saw 3 of its levels.

You collected 36 gold pieces.

Inventory:

Hand Weapons
 a - a +0 long sword (weapon)
Armour
 b - a +0 scale mail (worn)
 c - a +0 shield (worn)
Jewellery
 e - a +4 ring of evasion {unknown}
Scrolls
 d - a scroll of remove curse {unknown}
 f - a scroll of identify {unknown}
 g - a scroll of noise {unknown}


   Skills:
 - Level 3.0 Fighting
 + Level 3.2 Long Blades
 - Level 2.4 Armour
 - Level 2.4 Shields


You had 2 spell levels left.
You didn't know any spells.
Your spell library was empty.

Dungeon Overview and Level Annotations

Branches:
Dungeon (3/15)

Altars:

Annotations:
D:3 Terence


Innate Abilities, Weirdness & Mutations

You do not eat or drink.
Your flesh is vulnerable to fire.
You are immune to poison.
Your flesh is cold resistant. (rC+)
You are immune to negative energy. (rN+++)
You are immune to unholy pain and torment.
You can survive without breathing.


Message History

Found a stone staircase leading up.
There are monsters nearby!
There are monsters nearby!
There are monsters nearby!
Terence hits you with a hand axe of chopping.
You closely miss Terence.
Terence hits you with a hand axe of chopping.
* * * LOW HITPOINT WARNING * * *
x2 You slash Terence!
Terence is moderately wounded.
Terence hits you with a hand axe of chopping.
* * * LOW HITPOINT WARNING * * *
x2 Unknown command.
You can't drink.
You hit Terence.
Terence is heavily wounded.
The orc barely misses you.
Terence shouts, "Get ready for death!"
Terence barely misses you. The orc hits you with a flail!
You die...

.. .. .) #. .##<##
..?.# # #...# #
#..l# # #.o@# #
#..@################
#...................
#.#.################
...#.# ### #.# ...
#.. #.. #.


You could see Terence, an orc and a leopard gecko.

Vanquished Creatures
  An adder (D:2)
  An ooze (D:2)
  A worm (D:2)
  2 dart slugs (D:1)
  A leopard gecko (D:1)
  2 giant cockroaches (D:1)
  3 goblins (D:1)
  2 hobgoblins (D:1)
  4 jackals (D:1)
  2 bats (D:1)
  4 kobolds
  A rat (D:1)
24 creatures vanquished.

Notes
Turn   | Place    | Note
-------+----------+-------------------------------------------
     0 | D:1      | poirepourri the Mummy Fighter began the quest for the Orb.
     0 | D:1      | Reached XP level 1. HP: 18/18 MP: 1/1
   106 | D:1      | Reached XP level 2. HP: 18/24 MP: 2/2
   306 | D:2      | Reached XP level 3. HP: 11/29 MP: 3/3
   407 | D:3      | Noticed Terence
   411 | D:3      | Slain by an orc

Vault maps used:
D:1:      lemuel_arrival_lava_pool
D:3:      first_ration, uniq_terence

Skill      XL: |  1  2 |
---------------+-------+-----
Long Blades    | 2 3 |  3.2
Fighting       | |  3.0
Armour         | |  2.4
Shields        | |  2.4

Action                   || total
-------------------------++-------
Melee: Long sword        ||    85
Armor: Scale mail        ||    54
Dodge: Dodged            ||    38
Block: Shield            ||    59
       Rpst.: Long sword ||    10

Table legend:
 A = Spawn XP
 B = Non-spawn XP
 C = Spawn XP percentage of total XP
 D = Spawn monster count
 E = Non-spawn monster count
 F = Spawn count percentage of total count
 G = Total turns spent on level
                    A         B        C        D         E        F      G
               +---------+---------+-------+---------+---------+-------+---------
         Total |       0 |      65 |   0.0 |       0 |      24 |   0.0 |   411
               +---------+---------+-------+---------+---------+-------+---------
           D:1 |       0 |      39 |   0.0 |       0 |      20 |   0.0 |   292
           D:2 |       0 |      26 |   0.0 |       0 |       4 |   0.0 |    90
               +---------+---------+-------+---------+---------+-------+---------
